 Dungeon Crawl Stone Soup version 0.30-a0-964-gd452b5e7fa (webtiles) character file.

Game seed: 15706649565327984743

9 vishdafish the Conjurer (level 2, 19/19 HPs)
             Began as a Demonspawn Conjurer on Mar 30, 2023.
             Quit the game on level 1 of the Dungeon.
             The game lasted 00:00:23 (411 turns).

vishdafish the Conjurer (Demonspawn Conjurer)        Turns: 411, Time: 00:00:24

Health: 19/19      AC:  2    Str:  7    XL:     2   Next: 3%
Magic:  2/5        EV: 12    Int: 19    God:
Gold:   25         SH:  0    Dex: 11    Spells: 4/5 levels left

rFire   . . .      SeeInvis .    (no weapon)
rCold   . . .      Faith    .    (no shield)
rNeg    . . .      Spirit   .    a - +0 robe
rPois   .          Reflect  .    (no helmet)
rElec   .          Rampage  .    (no cloak)
rCorr   .                        (no gloves)
Will    .....                    (no boots)
Stlth   ++                       (no amulet)
HPRegen 0.23/turn                (no ring)
MPRegen 0.09/turn                (no ring)

@: no status effects
A: demonic guardian 1
a: no special abilities


You were on level 1 of the Dungeon.
You visited 1 branch of the dungeon, and saw 1 of its levels.

You collected 25 gold pieces.

Inventory:

Armour
 a - a +0 robe (worn)
Scrolls
 c - 2 scrolls of identify {unknown}
 d - a scroll of teleportation {unknown}
 f - a scroll of poison {unknown}
 i - a scroll of vulnerability {unknown}
Potions
 e - a potion of cancellation {unknown}
 g - a potion of flight {unknown}
 h - a potion of brilliance {unknown}


   Skills:
 - Level 1.7 Dodging
 - Level 1.7 Stealth
 + Level 2.3 Spellcasting
 + Level 4.2 Conjurations


You had 4 spell levels left.
You knew the following spells:

 Your Spells              Type           Power      Damage    Failure   Level
a - Magic Dart            Conj           72%        1d6       2%          1

Your spell library contained the following spells:

 Spells                   Type           Power      Damage    Failure   Level
 Searing Ray              Conj           36%        2d5       4%          2
 Dazzling Flash           Conj/Hex       20%        N/A       21%         3
 Fulminant Prism          Conj/Hex       5%         3d7       56%         4
 Iskenderun's Mystic Bla  Conj/Tloc      10%        2d4       56%         4


Dungeon Overview and Level Annotations

Branches:
Dungeon (1/15)

Altars:


Innate Abilities, Weirdness & Mutations

A weak demonic guardian rushes to your aid.


Message History

An endoplasm comes into view.
An endoplasm is nearby!
An endoplasm is nearby!
The magic dart hits the endoplasm but does no damage.
The magic dart hits the endoplasm.
The endoplasm is moderately wounded.
The endoplasm barely misses you.
The magic dart hits the endoplasm.
You kill the endoplasm!
You are out of magic!
i - a scroll labelled PIYMER QOLA A hobgoblin comes into view.
A hobgoblin is nearby!
A hobgoblin is nearby!
The magic dart hits the hobgoblin.
The hobgoblin is lightly wounded.
You hear a shout!
A hobgoblin comes into view.
You hear a shout!
The magic dart hits the hobgoblin.
The hobgoblin is heavily wounded.
You hear a shout!
A quokka comes into view.
The magic dart hits the hobgoblin.
You kill the hobgoblin!
A quokka comes into view.
You are out of magic!
You are out of magic!
The quokka attacks as you move away! The quokka closely misses you.
The hobgoblin attacks as you move away!
The hobgoblin hits you but does no damage.
Magic courses through your body. The quokka misses you.
The magic dart hits the quokka.
You kill the quokka!
You have reached level 2!
Your demonic ancestry asserts itself...
You feel the presence of a demonic guardian.
The magic dart hits the hobgoblin but does no damage.
The hobgoblin hits you but does no damage.
Are you sure you want to abandon this character and quit the game? (Confirm with "yes".)

.# #.##.##.. .# #...## .# ###.##
.# #.## .########### ...####.##
.##......... ..........
.##.######## ...........
.##.#################.#####.#####
........##......@gr.#.# #.
###.###.##.#######....# # #.#
#.##.# #...†.# #.# #.##.#
#...##.# #.# #.##.# ##...# .. #.#
#.##.# ##..##.# .. #.#
#.##.####...# #.. #.#
#.##....#.##.# ..# #.##.##...#
#.. ##


You could see a quokka and a hobgoblin.

Vanquished Creatures
  An endoplasm (D:1)
  2 hobgoblins (D:1)
  2 quokkas (D:1)
  A bat (D:1)
  A frilled lizard (D:1)
  A kobold (D:1)
8 creatures vanquished.

Notes
Turn   | Place    | Note
-------+----------+-------------------------------------------
     0 | D:1      | vishdafish the Demonspawn Conjurer began the quest for the
                  | Orb.
     0 | D:1      | Reached XP level 1. HP: 13/13 MP: 3/3
   410 | D:1      | Gained mutation: A weak demonic guardian rushes to your
                  | aid. [demonic ancestry]
   410 | D:1      | Reached XP level 2. HP: 19/19 MP: 3/5
   411 | D:1      | Quit the game

Illustrated notes

Levels and vault maps discovered:
D:1:      spicycebolla_green_bress_n_ham, layout_loops_ring, minmay_vboxes

Action                     || total
---------------------------++-------
   Cast: Magic Dart        ||    19
    Use: Potion            ||     1
 Armour: Robe              ||     2
  Dodge: Dodged            ||     4

Table legend: (Time is in decaauts)
 A = Elapsed time spent in this place.
 B = Non-inter-level travel time spent in this place.
 C = Inter-level travel time spent in this place.
 D = Time resting spent in this place.
 E = Time spent auto-exploring this place.
 F = Levels seen in this place.
 G = Mean time per level.
                   A        B        C        D        E       F      G
               +--------+--------+--------+--------+--------+-----+--------+
         Total |    411 |    411 |      0 |      0 |    367 |   1 |  411.0 |
       Dungeon |    411 |    411 |      0 |      0 |    367 |   1 |  411.0 |
               +--------+--------+--------+--------+--------+-----+--------+

Top non-repeatable levels by time:
     D:1: 411 daAuts
